 Dungeon Crawl Stone Soup version 0.26-a0-752-gcff87cac9a (webtiles) character file.

Game seed: 13494795285803770383

13708 Peloso the Carver (level 11, -7/97 HPs)
             Began as a Minotaur Fighter on Nov 6, 2020.
             Was a High Priest of Okawaru.
             Mangled by a minotaur
             ... wielding a +3 vorpal war axe
              (26 damage)
             ... in a Gauntlet.
             The game lasted 00:30:30 (12924 turns).

Peloso the Carver (Minotaur Fighter)               Turns: 12924, Time: 00:30:30

Health: -7/97      AC: 24    Str: 28    XL:     11   Next: 79%
Magic:  10/10      EV:  8    Int:  1    God:    Okawaru [*****.]
Gold:   721        SH: 14    Dex:  7    Spells: 10/10 levels left

rFire    + . .     SeeInvis .   a - +1 long sword
rCold    . . .     Faith    +   c - +1 kite shield
rNeg     + + .     Spirit   .   t - +1 plate armour {rN+}
rPois    +         Reflect  .   r - +1 hat of Prudence {rF+ Str+6 Int-4 Dex-5}
rElec    .         Harm     .   v - +0 cloak
rCorr    .         Rampage  .   J - +1 pair of gloves
MR       .....     NoTele   +   y - +2 pair of boots {Fly}
Stlth    ..........             q - amulet of faith
HPRegen  0.26/turn              R - ring of positive energy
MPRegen  0.12/turn              C - ring of poison resistance

@: mighty, flying, hasted, very quick
A: retaliatory headbutt, horns 2
a: Heroism, Finesse, Renounce Religion, Stop Flying


You were in a Gauntlet.
You worshipped Okawaru.
Okawaru was extremely pleased with you.
You visited 2 branches of the dungeon, and saw 12 of its levels.
You also visited: Sewer, Ossuary and Gauntlet.

You collected 721 gold pieces.

Inventory:

Hand Weapons
 a - a +1 long sword (weapon)
 b - the +2 whip of Evil {flame, rN+++ Dex+5}
   (You found it on level 10 of the Dungeon)

   It has been specially enchanted to burn those struck by it, causing extra
   injury to most foes and up to half again as much damage against particularly
   susceptible opponents.
   It affects your dexterity (+5).
   It renders you almost immune to negative energy.
 I - a +0 hand crossbow
Missiles
 K - 99 bolts
Armour
 c - a +1 kite shield (worn)
 r - the +1 hat of Prudence (worn) {rF+ Str+6 Int-4 Dex-5}
   (You found it in a Gauntlet)

   It affects your strength (+6).
   It affects your intelligence (-4).
   It affects your dexterity (-5).
   It protects you from fire.
 t - a +1 plate armour of positive energy (worn)
 v - a +0 cloak (worn)
 y - a +2 pair of boots of flying (worn)
 J - a +1 pair of gloves (worn)
Jewellery
 e - a +6 ring of intelligence
 q - an amulet of faith (around neck)
 C - a ring of poison resistance (right hand)
 R - a ring of positive energy (left hand)
 S - a +6 ring of intelligence
Wands
 f - a wand of digging (6)
 h - a wand of random effects (19)
 x - a wand of acid (11)
 z - a wand of paralysis (12)
 B - a wand of disintegration (18)
 G - a wand of enslavement (11)
 P - a wand of flame (12)
 Q - a wand of iceblast (9)
Scrolls
 g - 3 scrolls of immolation
 j - a scroll of enchant weapon
 k - 6 scrolls of remove curse
 l - 4 scrolls of enchant armour
 o - 3 scrolls of fear
 w - 3 scrolls of teleportation
 E - 7 scrolls of fog {unknown}
 L - a scroll of acquirement
 M - a scroll of holy word {unknown}
 N - a scroll of random uselessness {unknown}
 O - a scroll of noise {unknown}
Potions
 d - 3 potions of might
 i - a potion of curing
 m - 2 potions of flight
 n - 3 potions of ambrosia
 p - a potion of resistance
 s - 3 potions of mutation
 u - 5 potions of haste
 A - 2 potions of invisibility
 D - 2 potions of magic
 F - a potion of attraction
 H - 2 potions of cancellation


   Skills:
 + Level 9.5 Fighting
 + Level 13.3 Long Blades
 + Level 10.3 Armour
 + Level 3.3 Dodging
 + Level 1.1 Stealth
 + Level 12.5 Shields
 + Level 1.0 Invocations


You had 10 spell levels left.
You didn't know any spells.
Your spell library contained the following spells:

 Spells                   Type           Power        Failure   Level
 Animate Skeleton         Necr           #.....       100%        1
 Apportation              Tloc           #.....       100%        1
 Corona                   Hex            #......      100%        1
 Foxfire                  Conj/Fire      #...         100%        1
 Freeze                   Ice            #...         100%        1
 Magic Dart               Conj           #...         100%        1
 Shock                    Conj/Air       #...         100%        1
 Summon Small Mammal      Summ           #...         100%        1
 Blink                    Tloc           N/A          100%        2
 Call Imp                 Summ           #.......     100%        2
 Slow                     Hex            #.......     100%        2
 Swiftness                Air            #.......     100%        2
 Confusing Touch          Hex            #.......     100%        3
 Conjure Flame            Conj/Fire      #.......     100%        3
 Frozen Ramparts          Ice            #.....       100%        3
 Gell's Gravitas          Tloc           #.........   100%        3
 Inner Flame              Hex/Fire       #.......     100%        3
 Mephitic Cloud           Conj/Pois/Air  #.......     100%        3
 Ozocubu's Armour         Ice            #.......     100%        3
 Static Discharge         Conj/Air       #.......     100%        3
 Airstrike                Air            #.........   100%        4
 Hailstorm                Conj/Ice       #.......     100%        4
 Petrify                  Tmut/Erth      #.......     100%        4
 Sticky Flame             Conj/Fire      #.......     100%        4
 Summon Ice Beast         Ice/Summ       #.......     100%        4
 Fireball                 Conj/Fire      #.........   100%        5
 Lightning Bolt           Conj/Air       #.........   100%        5
 Metabolic Englaciation   Hex/Ice        #.........   100%        5
 Yara's Violent Unravell  Hex/Tmut       #.........   100%        5


Dungeon Overview and Level Annotations

Branches:
Dungeon (11/15)            Temple (1/1) D:5            Lair (0/6) D:11
  Sewer (visited)         Ossuary (visited)         Gauntlet (1/1)
    Orc: D:9-12

Altars:
Ashenzari
Cheibriados
Dithmenos
Elyvilon
Fedhas
Gozag
Hepliaklqana
Kikubaaqudgha
Makhleb
Nemelex Xobeh
Okawaru
Qazlal
Sif Muna
Trog
Uskayaw
Vehumet
Wu Jian
Xom
Yredelemnul
Zin
The Shining One

Shops:
D:4 :

Annotations:
D:8 1 runed translucent door
D:10 3 runed translucent doors, Perttuleena's ghost, journeyman DrDe Gauntlet 8 transporters


Innate Abilities, Weirdness & Mutations

You reflexively headbutt those who attack you in melee.
You have a pair of horns on your head.


Message History

The minotaur is severely wounded.
You hit the minotaur.
The minotaur is severely wounded.
You feel like a meek peon again. You block the minotaur's attack. x2
The minotaur blocks your attack.
The minotaur is severely wounded.
You slash the minotaur! The minotaur blocks your attack.
The minotaur is severely wounded.
You hit the minotaur. The minotaur blocks your attack.
The minotaur is almost dead.
You block the minotaur's attack.
The minotaur gores you but does no damage.
You slash the minotaur!
The minotaur is almost dead.
The minotaur blocks your attack.
You headbutt the minotaur, but do no damage.
The minotaur is almost dead.
The minotaur hits you with a +3 vorpal war axe!!
You die...

...#.#..#≈8≈#
©...©#..#..§########
...#.#..#.8........#
..##!#..#...###.##.##
.##^.#..#.8........8#
..Z..#..#...#.#.....#
######..#...#(#.########
.......≈#.©.#...#8.8[8=8
.......∩#...###.@H.....∩
.......≈#.©.#...#8.8:8:8
######..#...#.#.########
#..#.#..#...#.#.....#
..#..#..#.8........8#
.#..##..#...###.##.##
#..#.#..#.8........#
..#.©#..#...########
#..#.#..#≈8≈#


You could see a minotaur.

Vanquished Creatures
  Harold (D:9)
  3 two-headed ogres
  2 hell hogs (Gauntlet)
  A centaur zombie (D:10)
  2 gargoyles
  4 trolls
  Sigmund (D:4)
  9 fire bats
  5 yaks (D:10)
  5 wraiths (D:8)
  A steam dragon (D:7)
  3 water moccasins
  3 hell hounds (Gauntlet)
  2 ice beasts
  3 orc warriors
  4 sky beasts
  A black bear (D:9)
  5 ogres
  A phantom (D:7)
  A necrophage (D:7)
  9 centaurs
  A gnoll sergeant (D:6)
  3 bullfrogs
  2 water moccasin zombies (Ossuary)
  3 scorpions
  A water moccasin skeleton (D:5)
  7 killer bees
  4 wights
  3 howler monkeys
  A quasit (D:7)
  2 bullfrog zombies
  5 hounds
  A bullfrog skeleton (D:6)
  3 jellies
  Crazy Yiuf (D:2)
  A centaur skeleton (D:6)
  An orc priest (D:5)
  5 orc wizards
  6 iguanas
  Natasha (thrice) (D:3)
  4 worker ants
  A killer bee zombie (D:7)
  2 hound zombies
  3 hound skeletons
  2 mummies (Ossuary)
  A worker ant zombie (D:8)
  Robin (D:3)
  2 howler monkey skeletons
  3 gnolls (D:6)
  10 adders
  A river rat (D:6)
  2 white imps
  4 ufetubi
  7 adder zombies (Ossuary)
  5 worms
  A dart slug (D:2)
  4 leopard geckos
  19 orcs
  4 giant cockroaches
  5 hobgoblins
  2 jackals (Sewer)
  8 kobolds
  9 quokkas
  10 bats
  4 frilled lizards
  A gnoll zombie (Ossuary)
  15 goblins
  5 hobgoblin zombies
  A jackal skeleton (D:4)
  A jackal zombie (D:5)
  4 kobold zombies (Ossuary)
  4 orc zombies (Ossuary)
  A quokka skeleton (D:6)
  A quokka zombie (D:7)
  6 rats
272 creatures vanquished.

Vanquished Creatures (others)
  14 demonic plants (Gauntlet)
14 creatures vanquished.

Grand Total: 286 creatures vanquished

Notes
Turn   | Place    | Note
-------+----------+-------------------------------------------
     0 | D:1      | Peloso the Minotaur Fighter began the quest for the Orb.
     0 | D:1      | Reached XP level 1. HP: 19/19 MP: 0/0
   291 | D:1      | Reached XP level 2. HP: 27/27 MP: 1/1
   762 | D:2      | Reached skill level 3 in Long Blades
   905 | D:2      | Reached XP level 3. HP: 32/33 MP: 2/2
  1316 | D:2      | Found a shimmering altar of Xom.
  1317 | D:2      | Found a sparkling altar of Nemelex Xobeh.
  1568 | D:2      | Found a hazy altar of Hepliaklqana.
  1690 | D:2      | Found a runed translucent door.
  1691 | D:2      | Noticed Crazy Yiuf
  2099 | D:3      | Reached XP level 4. HP: 30/40 MP: 3/3
  2214 | D:3      | Noticed Natasha
  2219 | D:3      | Killed Natasha
  2219 | D:3      | Reached skill level 4 in Long Blades
  2232 | D:3      | Noticed Natasha
  2249 | D:3      | Killed Natasha
  2249 | D:3      | Reached XP level 5. HP: 26/46 MP: 4/4
  2727 | D:3      | Found an ornate altar of the Wu Jian Council.
  2793 | D:3      | Noticed Robin
  2810 | D:3      | Reached skill level 1 in Dodging
  2819 | D:3      | Killed Robin
  3035 | D:2      | Killed Crazy Yiuf
  3202 | D:3      | Noticed Natasha
  3207 | D:3      | Killed Natasha
  3214 | D:2      | Found a stormy altar of Qazlal.
  3301 | D:4      | Reached skill level 5 in Armour
  3606 | D:4      | Noticed Sigmund
  3627 | D:4      | Killed Sigmund
  3627 | D:4      | Reached skill level 5 in Long Blades
  3627 | D:4      | Reached skill level 5 in Shields
  3627 | D:4      | Reached XP level 6. HP: 10/53 MP: 5/5
  3948 | D:4      | Found Voucwiss's Book Boutique.
  4239 | D:5      | Entered Level 5 of the Dungeon
  4308 | D:5      | Reached XP level 7. HP: 38/60 MP: 6/6
  4472 | D:5      | Found a sand-covered staircase.
  4478 | D:5      | Reached skill level 5 in Fighting
  4485 | Ossuary  | Entered an ossuary
  4585 | Ossuary  | Reached skill level 6 in Long Blades
  4918 | D:5      | Reached skill level 7 in Long Blades
  4934 | D:5      | Reached XP level 8. HP: 22/68 MP: 7/7
  5436 | D:5      | Found a staircase to the Ecumenical Temple.
  5472 | Temple   | Entered the Ecumenical Temple
  5476 | Temple   | Became a worshipper of Warmaster Okawaru
  6091 | D:6      | Reached * piety under Okawaru
  6091 | D:6      | Reached skill level 8 in Long Blades
  6286 | D:6      | Found a glowing drain.
  6290 | Sewer    | Entered a sewer
  6477 | Sewer    | Reached XP level 9. HP: 71/75 MP: 8/8
  6594 | D:6      | Reached skill level 1 in Stealth
  6919 | D:6      | Reached ** piety under Okawaru
  6934 | D:6      | Reached skill level 9 in Long Blades
  7325 | D:7      | Noticed a troll
  7341 | D:7      | Killed a troll
  7341 | D:7      | Reached skill level 10 in Long Blades
  7350 | D:7      | Reached *** piety under Okawaru
  8203 | D:7      | Found a snail-covered altar of Cheibriados.
  8288 | D:7      | Found a shimmering blue altar of Sif Muna.
  8521 | D:8      | Reached XP level 10. HP: 77/84 MP: 9/9
  8524 | D:8      | Noticed a two-headed ogre
  8551 | D:8      | Killed a two-headed ogre
  8551 | D:8      | Reached **** piety under Okawaru
  8892 | D:8      | Noticed a gargoyle
  8903 | D:8      | Killed a gargoyle
  8903 | D:8      | Reached skill level 11 in Long Blades
  9151 | D:8      | Reached skill level 10 in Shields
  9190 | D:8      | Noticed a two-headed ogre
  9200 | D:8      | Killed a two-headed ogre
  9200 | D:8      | Reached ***** piety under Okawaru
  9209 | D:8      | Found a blossoming altar of Fedhas.
  9225 | D:8      | Found a runed translucent door.
  9229 | D:8      | Found a shimmering altar of Xom.
  9245 | D:8      | Found a basalt altar of Yredelemnul.
  9270 | D:8      | Received a gift from Okawaru
  9273 | D:8      | Got an encrusted scale mail {god gift}
  9287 | D:8      | Identified the +1 scale mail of Fiycoi {Rampage MR- Regen+}
                  | (Okawaru gifted it to you on level 8 of the Dungeon)
  9309 | D:8      | Found a shimmering altar of Xom.
  9426 | D:8      | Reached skill level 12 in Long Blades
  9434 | D:8      | Found a hazy altar of Hepliaklqana.
  9544 | D:8      | Found a hazy altar of Hepliaklqana.
  9969 | D:8      | Noticed a flayed ghost
 10267 | D:9      | Reached XP level 11. HP: 83/94 MP: 10/10
 10355 | D:9      | Noticed Harold
 10370 | D:9      | Killed Harold
 10626 | D:9      | Noticed a two-headed ogre
 10634 | D:9      | Killed a two-headed ogre
 11099 | D:10     | Entered Level 10 of the Dungeon
 11518 | D:10     | Found a runed translucent gate.
 11519 | D:10     | Found a runed translucent gate.
 11520 | D:10     | Found a runed translucent gate.
 11521 | D:10     | Noticed Perttuleena's ghost (journeyman DrDe)
 11865 | D:10     | Identified a scroll of acquirement
 11869 | D:10     | Got a jewelled whip
 11870 | D:10     | Identified the +2 whip of Evil {flame, rN+++ Dex+5} (You
                  | found it on level 10 of the Dungeon)
 12032 | D:10     | Reached skill level 10 in Armour
 12329 | D:11     | Found a gate leading to a gauntlet.
 12335 | Gauntlet | Entered a Gauntlet
 12335 | Gauntlet | Found a transporter.
 12335 | Gauntlet | Found a transporter.
 12336 | Gauntlet | Noticed a hell hog
 12340 | Gauntlet | Found a transporter.
 12349 | Gauntlet | Found a transporter.
 12356 | Gauntlet | Found a transporter.
 12359 | Gauntlet | Noticed a necromancer
 12361 | Gauntlet | Found a transporter.
 12367 | Gauntlet | Found a transporter.
 12374 | Gauntlet | Found a transporter.
 12376 | Gauntlet | Found a transporter.
 12389 | Gauntlet | Noticed a hell hog
 12502 | Gauntlet | Found a transporter.
 12504 | Gauntlet | Found a transporter.
 12518 | Gauntlet | Found a transporter.
 12610 | Gauntlet | Reached skill level 13 in Long Blades
 12616 | Gauntlet | Killed a hell hog
 12633 | Gauntlet | Got a fading hat
 12639 | Gauntlet | Identified the +1 hat of Prudence {rF+ Str+6 Int-4 Dex-5}
                  | (You found it in a Gauntlet)
 12675 | Gauntlet | Killed a hell hog
 12675 | Gauntlet | Reached skill level 1 in Invocations
 12677 | Gauntlet | Received a gift from Okawaru
 12900 | Gauntlet | Identified the ring of Xom's Capriciousness {rF++ rN+
                  | Str+5}
 12900 | Gauntlet | Noticed a minotaur
 12901 | Gauntlet | Found the +5 robe of Night {Dark MR+ SInv}
 12924 | Gauntlet | Mangled by a minotaur

Illustrated notes

Levels and vault maps discovered:
D:1:      minmay_arrival_doors, layout_loops_cross
D:2:      layout_basic, gammafunk_temple_overflow_pools,
          nicolae_overflow_hidden_temple, uniq_crazy_yiuf_cottage
D:3:      layout_basic, marbit_many_paths, uniq_natasha, uniq_robin
D:4:      layout_gridville, serial_shops, shop, uniq_sigmund
D:5:      layout_gridville, minmay_temple_entry_wispy, enter_ossuary_3
D:6:      layout_gridville, gup_sewer_entry_bowl
D:7:      cheibrodos_fzero, layout_loops_ring, kennysheep_little_box,
          cheibriados_altar_1
D:8:      due_megacathedral, layout_basic, grunt_ministairs_11
D:9:      layout_stronghold, uniq_harold
D:10:     layout_loops_cross, ebering_ghost_rock_garden
D:11:     layout_loops_ring, david_lair_shrubbed, gauntlet_entry_generic,
          hangedman_abyss_or_decor_stabs
Temple:   nicolae_temple_x_marks_the_god
Gauntlet: gammafunk_gauntlet_shortcut [nicolae_gauntlet_arena_blocks,
          gammafunk_gauntlet_arena_arrow_garden,
          gammafunk_gauntlet_arena_chambers, gammafunk_gauntlet_arena_spirals,
          nicolae_gauntlet_arena_flowing_pool,
          gammafunk_gauntlet_arena_split_diamond,
          nicolae_gauntlet_exit_dead_adventurers]

Skill      XL: |  1  2  3  4  5  6  7  8  9 10 11 |
---------------+----------------------------------+-----
Armour         | 4 5 6 7 8 9 10 | 10.3
Long Blades    | 3 4 5 7 8 10 12 13 | 13.3
Shields        | 4 5 6 7 9 11 12 | 12.5
Fighting       | 4 5 6 8 9 |  9.5
Dodging        | 1 3 |  3.3
Stealth        | 1 |  1.1
Invocations    | 1 |  1.0

Action                   |  1- 3 |  4- 6 |  7- 9 | 10-12 || total
-------------------------+-------+-------+-------+-------++-------
Melee: Long sword        |    96 |   110 |   435 |   472 ||  1113
       Headbutt          |    10 |    14 |    80 |   117 ||   221
Invok: Heroism           |       |       |     1 |    10 ||    11
  Use: Potion            |     2 |     3 |     2 |     5 ||    12
       Scroll            |       |       |    17 |     6 ||    23
Armor: Scale mail        |    40 |    29 |       |       ||    69
       Chain mail        |       |    17 |   115 |       ||   132
       Plate armour      |       |       |   118 |   218 ||   336
Dodge: Dodged            |    17 |    30 |   107 |   111 ||   265
Block: Kite shield       |    47 |    56 |   290 |   331 ||   724
       Rpst.: Long sword |     3 |     6 |    29 |    24 ||    62

Table legend: (Time is in decaauts)
 A = Elapsed time spent in this place.
 B = Non-inter-level travel time spent in this place.
 C = Inter-level travel time spent in this place.
 D = Time resting spent in this place.
 E = Time spent auto-exploring this place.
 F = Levels seen in this place.
 G = Mean time per level.
                   A        B        C        D        E       F      G
               +--------+--------+--------+--------+--------+-----+--------+
         Total |  12964 |  12639 |    325 |    516 |   8730 |  15 |  864.3 |
       Dungeon |  11878 |  11553 |    325 |    516 |   8304 |  11 | 1079.8 |
        Temple |      8 |      8 |      0 |      0 |      0 |   1 |    8.0 |
         Sewer |    255 |    255 |      0 |      0 |    163 |   1 |  255.0 |
       Ossuary |    250 |    250 |      0 |      0 |     74 |   1 |  250.0 |
      Gauntlet |    571 |    571 |      0 |      0 |    189 |   1 |  571.0 |
               +--------+--------+--------+--------+--------+-----+--------+

Top non-repeatable levels by time:
     D:8: 1518 daAuts
     D:7: 1452 daAuts
     D:2: 1429 daAuts
     D:5: 1364 daAuts
    D:10: 1193 daAuts
     D:3: 1166 daAuts
     D:9: 1078 daAuts
     D:4: 969 daAuts
     D:6: 949 daAuts
     D:1: 745 daAuts
Gauntlet: 571 daAuts
   Sewer: 255 daAuts
 Ossuary: 250 daAuts
    D:11: 11 daAuts
  Temple: 8 daAuts
